 Dungeon Crawl Stone Soup version 0.23.1 (webtiles) character file.

Game seed: 8774928844096193743

40 Borgoz the Sneak (level 3, 0/19 HPs)
             Began as a Kobold Enchanter on Mar 8, 2019.
             Succumbed to an adder's poison
             ... on level 2 of the Dungeon.
             The game lasted 00:01:56 (1749 turns).

Borgoz the Sneak (Kobold Enchanter)                 Turns: 1749, Time: 00:01:57

Health: 0/19       AC:  2    Str: 11    XL:     3   Next: 72%
Magic:  1/6        EV: 15    Int: 16    God:
Gold:   38         SH:  0    Dex: 15    Spells: 3/6 levels left

rFire    . . .     SeeInvis .   a - +1 dagger
rCold    . . .     Gourm    .   (shield restricted)
rNeg     . . .     Faith    .   b - +0 robe
rPois    .         Spirit   .   (no helmet)
rElec    .         Reflect  .   (no cloak)
rCorr    .         Harm     .   (no gloves)
MR       .....                  (no boots)
Stlth    +++.......             (no amulet)
HPRegen  0.06/turn              (no ring)
MPRegen  0.10/turn              (no ring)

@: mighty, lethally poisoned (0 -> -9), flying, very slightly contaminated
A: small, carnivore
a: no special abilities


You were on level 2 of the Dungeon.
You were completely stuffed.

You visited 1 branch of the dungeon, and saw 2 of its levels.

You collected 38 gold pieces.

Inventory:

Hand Weapons
 a - a +1 dagger (weapon)
Armour
 b - a +0 robe (worn)
 c - a +0 leather armour
Scrolls
 g - a scroll of teleportation {unknown}
 h - a scroll of random uselessness {unknown}
 i - a scroll of identify {unknown}
 j - a scroll of amnesia {unknown}
 l - 2 scrolls of remove curse {unknown}
 m - a scroll of enchant weapon {unknown}
Comestibles
 d - a ration


   Skills:
 + Level 0.1 Fighting
 + Level 2.7 Short Blades
 + Level 2.6 Dodging
 + Level 4.8 Stealth
 + Level 2.4 Spellcasting
 + Level 3.2 Hexes


You had 3 spell levels left.
You knew the following spells:

 Your Spells              Type           Power        Failure   Level  Hunger
a - Corona                Hex            ##.....      5%          1    #......
b - Ensorcelled Hibernat  Hex/Ice        #.....       16%         2    ###....

Your spell library contained the following spells:

 Spells                   Type           Power        Failure   Level  Hunger
 Confuse                  Hex            ##......     16%         3    ###....
 Tukima's Dance           Hex            ##......     16%         3    ###....
 Dazzling Spray           Conj/Hex       #.....       30%         3    ###....


Dungeon Overview and Level Annotations

Branches:
Dungeon (2/15)

Altars:
Fedhas
Gozag
Nemelex Xobeh
Uskayaw
Xom


Innate Abilities, Weirdness & Mutations

You are small and have problems with some larger weapons.
You are carnivorous and can eat meat at any time.


Message History

You are lethally poisoned!
The adder poisons you!
You are too injured to fight recklessly!
You miss the adder.
The adder is severely wounded.
You feel sick. The adder bites you.
* * * LOW HITPOINT WARNING * * *
It was a potion of flight.
You feel very buoyant.
You fly up into the air.
The adder closely misses you.
It was a potion of might.
You feel very mighty all of a sudden.
* * * LOW HITPOINT WARNING * * *
You feel sick. The adder completely misses you. The adder closely misses you.
You hit the adder but do no damage.
The adder is severely wounded.
The adder barely misses you.
You barely miss the adder.
The adder is severely wounded.
You die...

###.## .#. #....#
..# #....######.#
#...........#
#####<..........#
......###.รท.....#
####.........##.##
#.##########..#
...# ##@# #.###
#S# ... #.. ..
...# .. ####


You could see an adder.

Vanquished Creatures
  An adder (D:2)
  A dart slug (D:1)
  2 leopard geckos (D:1)
  2 giant cockroaches (D:1)
  2 goblins (D:1)
  3 hobgoblins (D:1)
  4 jackals (D:1)
  3 bats
  2 kobolds (D:1)
  7 rats (D:1)
27 creatures vanquished.

Notes
Turn   | Place    | Note
-------+----------+-------------------------------------------
     0 | D:1      | Borgoz the Kobold Enchanter began the quest for the Orb.
     0 | D:1      | Reached XP level 1. HP: 10/10 MP: 3/3
   154 | D:1      | Reached XP level 2. HP: 12/15 MP: 5/5
   502 | D:1      | Learned a level 2 spell: Ensorcelled Hibernation
   886 | D:1      | Reached XP level 3. HP: 14/19 MP: 4/6
  1375 | D:1      | Found an opulent altar of Gozag.
  1377 | D:1      | Found a shimmering altar of Xom.
  1377 | D:1      | Found a radiant altar of Vehumet.
  1380 | D:1      | Found a hide-covered altar of Uskayaw.
  1380 | D:1      | Found a sparkling altar of Nemelex Xobeh.
  1380 | D:1      | Found a blossoming altar of Fedhas.
  1749 | D:2      | Succumbed to an adder's poison

Skill      XL: |  1  2 |
---------------+-------+-----
Short Blades   | 2 |  2.7
Fighting       | |  0.1
Dodging        | |  2.6
Stealth        | |  4.8
Spellcasting   | |  2.4
Hexes          | |  3.2

Action                   || total
-------------------------++-------
Melee: Dagger            ||   123
 Cast: Corona            ||     3
       Ensorcelled Hiber ||     2
  Use: Potion            ||     2
 Stab: Sleeping          ||    11
  Eat: Chunk             ||    11
Armor: Robe              ||    12
Dodge: Dodged            ||    93
